St.Louis Blues vs Anaheim Ducks
(R1)
Created - Friday, April 4, 2025 at 08:27
Goals
|
| St.Louis Blues |
1 |
1 |
0 |
2 |
| Anaheim Ducks |
1 |
0 |
2 |
3 |
|
Shots
|
| St.Louis Blues |
12 |
5 |
11 |
28 |
| Anaheim Ducks |
16 |
15 |
7 |
38 |
|
1st period
1. Anaheim Ducks , Alex Killorn 13 (Esa Lindell 13) at 14:07
2. St.Louis Blues , Elias Pettersson 11 (Jake Guentzel 30, Jaccob Slavin 5) at 17:34
Penalties :
Colton Parayko (STL) for Roughing (Minor) at 7:43, Mark Scheifele (ANA) for Interference (Minor) at 8:59
2nd period
3. St.Louis Blues , Lars Eller 9 (Alex Tuch 16, Mikhail Sergachev 10) at 11:44
Penalties :
Brenden Dillon (ANA) for High sticking (Minor) at 0:03, Alex Killorn (ANA) for Cross-checking (Minor) at 3:51, Logan O'Connor (STL) for Slashing (Minor) at 8:55, Jake Guentzel (STL) for Hooking (Minor) at 15:01
3rd period
4. Anaheim Ducks , William Nylander 22 (Nazem Kadri 27) at 0:04
5. Anaheim Ducks , Brayden Schenn 24 (Mark Scheifele 20, Mason Marchment 13) at 8:53
Penalties :
Jack Eichel (STL) for Interference (Minor) at 2:00
Goalie Stats
Connor Hellebuyck (STL), 35 saves from 38 shots - (0.921), L, 19-9-5, 59:02 minutes
Linus Ullmark (ANA), 26 saves from 28 shots - (0.929), W, 20-13-2, 60:00 minutes
Players Stats for St.Louis Blues
Player Name G A P +/- PIM S H SB GA TA FO MP PP MP PK MP
------------------------------------------------------------------------------------
Alex Pietrangelo 0 0 0 -2 0 1 0 2 0 2 0/0 20:43 0:40 0:00
Alex Tuch 0 1 1 -1 0 0 0 0 1 0 0/0 14:26 1:49 3:42
Brandon Hagel 0 0 0 -1 0 0 3 0 0 1 0/1 15:01 2:17 0:00
Brayden Point 0 0 0 -1 0 0 0 0 1 0 0/1 16:36 2:57 0:00
Colton Parayko 0 0 0 -2 2 1 1 0 0 0 0/0 23:19 0:19 2:39
Dakota Joshua 0 0 0 1 0 2 1 1 0 0 0/0 8:55 0:00 0:00
Elias Lindholm 0 0 0 -1 0 0 2 1 0 1 2/6 13:56 2:17 3:42
Elias Pettersson 1 0 1 0 0 2 3 0 0 0 0/2 20:31 2:45 0:29
Jaccob Slavin 0 1 1 1 0 2 1 3 0 0 0/0 19:27 0:00 4:19
Jack Eichel 0 0 0 0 2 7 0 1 1 0 16/28 20:06 2:45 0:00
Jake Guentzel 0 1 1 0 2 4 2 1 2 1 2/3 20:01 2:38 0:00
Jake Sanderson 0 0 0 1 0 2 1 2 0 0 0/0 20:50 0:40 3:19
Lars Eller 1 0 1 1 0 2 2 1 0 0 2/5 12:34 0:00 3:24
Logan O'Connor 0 0 0 1 2 1 1 1 0 0 0/0 11:29 0:00 2:18
Mark Stone 0 0 0 -1 0 0 0 0 0 0 0/0 10:39 2:17 0:00
Mikhail Sergachev 0 1 1 0 0 1 0 0 0 0 0/0 12:07 1:49 0:15
Nick Leddy 0 0 0 0 0 0 0 0 0 0 0/0 13:29 0:00 3:54
Robert Thomas 0 0 0 -1 0 3 1 1 1 0 3/11 17:51 2:57 0:51
Players Stats for Anaheim Ducks
Player Name G A P +/- PIM S H SB GA TA FO MP PP MP PK MP
------------------------------------------------------------------------------------
Alex Killorn 1 0 1 1 2 2 4 0 0 0 0/1 14:41 3:47 0:58
Alexandre Texier 0 0 0 -2 0 0 0 0 0 0 0/3 10:46 0:00 1:32
Alexey Toropchenko 0 0 0 -2 0 0 0 0 0 0 0/0 8:09 0:00 0:00
Brayden Schenn 1 0 1 1 0 7 3 0 0 0 0/0 19:43 3:26 2:38
Brenden Dillon 0 0 0 -1 2 0 0 0 0 0 0/0 13:45 0:00 1:27
Chandler Stephenson 0 0 0 1 0 0 0 0 0 0 4/5 10:11 0:00 1:46
Esa Lindell 0 1 1 1 0 0 0 0 0 1 0/0 22:24 0:00 2:19
Ivan Provorov 0 0 0 2 0 1 0 2 0 0 0/0 22:27 2:22 3:04
J.T. Compher 0 0 0 1 0 1 1 0 1 1 2/3 12:35 0:00 2:51
Jakob Chychrun 0 0 0 -1 0 2 0 0 0 0 0/0 17:17 4:51 0:40
John Tavares 0 0 0 1 0 7 2 0 0 1 5/8 20:55 3:26 0:43
Joshua Morrissey 0 0 0 0 0 1 1 0 0 1 0/0 25:41 4:51 2:14
Luke Evangelista 0 0 0 -2 0 2 0 0 1 0 0/0 8:36 0:00 0:00
Mark Scheifele 0 1 1 1 2 4 1 0 1 0 8/10 16:09 3:46 0:00
Mason Marchment 0 1 1 1 0 1 0 0 0 0 0/0 12:09 0:00 0:00
Morgan Rielly 0 0 0 1 0 1 0 2 0 1 0/0 18:28 2:22 0:44
Nazem Kadri 0 1 1 1 0 3 3 1 0 1 13/24 19:40 3:47 0:00
William Nylander 1 0 1 1 0 6 0 1 2 0 0/3 20:24 3:26 0:00
3 Stars
1 - Brayden Schenn (ANA)
2 - Alex Killorn (ANA)
3 - Lars Eller (STL)
Power Play
St.Louis Blues - 0 on 3 Attempt(s) - 0.00%
Anaheim Ducks - 0 on 4 Attempt(s) - 0.00%
Penalty Kill
St.Louis Blues - 4 on 4 Attempt(s) - 100.00%
- Score 0 goal in Penalty Kill
Anaheim Ducks - 3 on 3 Attempt(s) - 100.00%
- Score 0 goal in Penalty Kill
Team Stat
St.Louis Blues - Hits : 18 - Faceoff Wins : 25 - Blocked Shots : 14 - Penalty Minutes : 8
Anaheim Ducks - Hits : 15 - Faceoff Wins : 32 - Blocked Shots : 6 - Penalty Minutes : 6
Official
Referees : Cody Beach and Brandon Blandina
Linesman : Ben O'Quinn and Bevan Mills
Game Notes
No Game Note
Finance
Level 1 -- Attendance: 5260 (87.67%) -- Ticket Income $526,000
Level 2 -- Attendance: 3913 (78.26%) -- Ticket Income $234,780
Level 3 -- Attendance: 2070 (69.00%) -- Ticket Income $95,220
Level 4 -- Attendance: 3803 (76.06%) -- Ticket Income $95,075
Luxury Box -- Attendance: 766 (76.60%) -- Ticket Income $153,200
Game was played at the Honda Center.
Total Attendance: 15812 (79.06%)
Total Ticket Income: $1,104,275
Other Income: $386,496
Total Income: $1,490,771
St.Louis Blues
5 vs 5 Forward
Center Left Wing Right Wing Time % Phy DF OF
1 Jack Eichel Elias Pettersson Jake Guentzel 40 0 2 3
2 Robert Thomas Brandon Hagel Brayden Point 31 0 2 3
3 Elias Lindholm Alex Tuch Mark Stone 22 0 3 2
4 Lars Eller Dakota Joshua Logan O'Connor 7 1 2 2
5 vs 5 Defense
Defense Defense Time % Phy DF OF
1 Colton Parayko Alex Pietrangelo 45 1 2 2
2 Jake Sanderson Jaccob Slavin 35 1 2 2
3 Mikhail Sergachev Nick Leddy 20 1 2 2
4 Colton Parayko Alex Pietrangelo 0 1 2 2
PowerPlay Forward
Center Left Wing Right Wing Time % Phy DF OF
1 Robert Thomas Brayden Point Jake Guentzel 60 1 0 4
2 Elias Lindholm Brandon Hagel Mark Stone 40 1 0 4
PowerPlay Defense
Defense Defense Time % Phy DF OF
1 Jack Eichel Elias Pettersson 60 0 1 4
2 Alex Tuch Mikhail Sergachev 40 0 1 4
Penalty Kill 4 Players Forward
Center Wing Time % Phy DF OF
1 Lars Eller Logan O'Connor 50 1 4 0
2 Elias Lindholm Alex Tuch 50 1 4 0
Penalty Kill 4 Players Defense
Defense Defense Time % Phy DF OF
1 Jake Sanderson Colton Parayko 50 1 4 0
2 Jaccob Slavin Nick Leddy 50 1 4 0
Penalty Kill - 3 Players Forward
Forward Time % Phy DF OF
1 Elias Lindholm 50 0 5 0
2 Lars Eller 50 0 5 0
Penalty Kill - 3 Players Defense
Defense Defense Time % Phy DF OF
1 Jake Sanderson Colton Parayko 50 0 5 0
2 Nick Leddy Alex Pietrangelo 50 0 5 0
4 vs 4 Forward
Center Wing Time % Phy DF OF
1 Jack Eichel Jake Guentzel 50 0 2 3
2 Robert Thomas Brayden Point 50 0 2 3
4 vs 4 Defense
Defense Defense Time % Phy DF OF
1 Jake Sanderson Alex Pietrangelo 50 0 3 2
2 Colton Parayko Mikhail Sergachev 50 0 3 2
Last Minutes Offensive
Center Left Wing Right Wing Defense Defense
Robert Thomas Elias Pettersson Jake Guentzel Brayden Point Jack Eichel
Last Minutes Defensive
Center Left Wing Right Wing Defense Defense
Elias Lindholm Logan O'Connor Robert Thomas Jake Sanderson Colton Parayko
Goaltenders
Starting : Connor Hellebuyck
Backup : Scott Wedgewood
Extra Forwards
Normal : Brandon Hagel, Mark Stone, Alex Tuch - PP : Brandon Hagel, Dakota Joshua - PK : Robert Thomas
Extra Defensemen
Normal : Jake Sanderson, Mikhail Sergachev, Colton Parayko - PP : Mikhail Sergachev - PK : Jaccob Slavin, Nick Leddy
Penalty Shots
Elias Pettersson, Jack Eichel, Alex Tuch, Robert Thomas, Jake Guentzel
Scratches
Jack Roslovic (Healthy), Adam Pelech (Healthy)
Anaheim Ducks
5 vs 5 Forward
Center Left Wing Right Wing Time % Phy DF OF
1 Nazem Kadri John Tavares William Nylander 40 1 2 2
2 Mark Scheifele Brayden Schenn Mason Marchment 30 1 2 2
3 Chandler Stephenson J.T. Compher Alex Killorn 20 1 2 2
4 Alexandre Texier Alexey Toropchenko Luke Evangelista 10 1 2 2
5 vs 5 Defense
Defense Defense Time % Phy DF OF
1 Esa Lindell Joshua Morrissey 40 1 2 2
2 Ivan Provorov Morgan Rielly 35 1 2 2
3 Brenden Dillon Jakob Chychrun 25 1 2 2
4 Esa Lindell Ivan Provorov 0 1 2 2
PowerPlay Forward
Center Left Wing Right Wing Time % Phy DF OF
1 John Tavares Brayden Schenn William Nylander 60 1 1 3
2 Nazem Kadri Alex Killorn Mark Scheifele 40 1 1 3
PowerPlay Defense
Defense Defense Time % Phy DF OF
1 Jakob Chychrun Joshua Morrissey 60 1 1 3
2 Ivan Provorov Morgan Rielly 40 1 2 2
Penalty Kill 4 Players Forward
Center Wing Time % Phy DF OF
1 J.T. Compher Brayden Schenn 60 1 3 1
2 Chandler Stephenson Alex Killorn 40 1 3 1
Penalty Kill 4 Players Defense
Defense Defense Time % Phy DF OF
1 Esa Lindell Ivan Provorov 60 1 3 1
2 Joshua Morrissey Brenden Dillon 40 1 3 1
Penalty Kill - 3 Players Forward
Forward Time % Phy DF OF
1 J.T. Compher 60 1 4 0
2 Brayden Schenn 40 1 4 0
Penalty Kill - 3 Players Defense
Defense Defense Time % Phy DF OF
1 Esa Lindell Ivan Provorov 60 1 4 0
2 Joshua Morrissey Brenden Dillon 40 1 4 0
4 vs 4 Forward
Center Wing Time % Phy DF OF
1 Mark Scheifele William Nylander 60 1 2 2
2 Nazem Kadri John Tavares 40 1 2 2
4 vs 4 Defense
Defense Defense Time % Phy DF OF
1 Esa Lindell Joshua Morrissey 60 1 2 2
2 Morgan Rielly Ivan Provorov 40 1 2 2
Last Minutes Offensive
Center Left Wing Right Wing Defense Defense
Nazem Kadri John Tavares William Nylander Joshua Morrissey Morgan Rielly
Last Minutes Defensive
Center Left Wing Right Wing Defense Defense
J.T. Compher Alex Killorn Brayden Schenn Ivan Provorov Esa Lindell
Goaltenders
Starting : Linus Ullmark
Backup : James Reimer
Extra Forwards
Normal : William Nylander, John Tavares, Brayden Schenn - PP : Nazem Kadri, William Nylander - PK : J.T. Compher
Extra Defensemen
Normal : Esa Lindell, Morgan Rielly, Brenden Dillon - PP : Joshua Morrissey - PK : Esa Lindell, Ivan Provorov
Penalty Shots
Alexandre Texier, Brenden Dillon, Mark Scheifele, John Tavares, Brayden Schenn
Scratches
Josh Manson (Healthy)
% Time on Ice - St.Louis Blues
Lines # - Real PCT - Wanted PCT - Time Play
Normal Forward
1 - 35% - 40% - 15:48
2 - 29% - 31% - 13:06
3 - 17% - 22% - 7:55
4 - 19% - 7% - 8:55
Normal Defense
1 - 45% - 45% - 20:48
2 - 34% - 35% - 15:23
3 - 21% - 20% - 9:33
4 - 0% - 0% - 0:00
PP Forward
1 - 50% - 60% - 2:38
2 - 50% - 40% - 2:36
PP Defense
1 - 65% - 60% - 3:25
2 - 35% - 40% - 1:49
PK Forward
1 - 49% - 50% - 3:31
2 - 51% - 50% - 3:42
PK Defense
1 - 46% - 50% - 3:19
2 - 54% - 50% - 3:54
PK3 Forward
1 - 0% - 50%
2 - 0% - 50%
PK3 Defense
1 - 0% - 50%
2 - 0% - 50%
44 Forward
1 - 58% - 50% - 0:25
2 - 42% - 50% - 0:18
44 Defense
1 - 100% - 50% - 0:43
2 - 0% - 50% - 0:00
Last Minute Offensive - 1:06
Last Minute Defensive - 0:00
Total
Forward - 60:00
Defense - 60:00
|
% Time on Ice - Anaheim Ducks
Lines # - Real PCT - Wanted PCT - Time Play
Normal Forward
1 - 34% - 40% - 15:31
2 - 31% - 30% - 14:21
3 - 17% - 20% - 7:46
4 - 18% - 10% - 8:09
Normal Defense
1 - 37% - 40% - 16:52
2 - 35% - 35% - 16:12
3 - 24% - 25% - 10:56
4 - 4% - 0% - 1:47
PP Forward
1 - 48% - 60% - 3:26
2 - 52% - 40% - 3:47
PP Defense
1 - 67% - 60% - 4:51
2 - 33% - 40% - 2:22
PK Forward
1 - 66% - 60% - 3:28
2 - 34% - 40% - 1:46
PK Defense
1 - 43% - 60% - 2:16
2 - 57% - 40% - 2:58
PK3 Forward
1 - 0% - 60%
2 - 0% - 40%
PK3 Defense
1 - 0% - 60%
2 - 0% - 40%
44 Forward
1 - 100% - 60% - 0:43
2 - 0% - 40% - 0:00
44 Defense
1 - 81% - 60% - 0:35
2 - 19% - 40% - 0:08
Last Minute Offensive - 0:00
Last Minute Defensive - 1:03
Total
Forward - 60:00
Defense - 60:00
|
Play-by-Play
1st period
0:01 of 1st period - Jack Eichel wins face-off versus Nazem Kadri in neutral zone.
0:06 of 1st period - Wrist shot by Jack Eichel.
0:06 of 1st period - Stopped by Linus Ullmark without a rebound.
0:07 of 1st period - Nazem Kadri wins face-off versus Jack Eichel in Anaheim Ducks zone.
0:14 of 1st period - Snap shot by William Nylander.
0:14 of 1st period - Shot Blocked by Alex Pietrangelo.
0:28 of 1st period - Wrist shot by Elias Pettersson.
0:28 of 1st period - Stopped by Linus Ullmark without a rebound.
0:29 of 1st period - Mark Scheifele wins face-off versus Robert Thomas in Anaheim Ducks zone.
0:40 of 1st period - Wrist shot by Mark Scheifele.
0:40 of 1st period - Shot Blocked by Jaccob Slavin.
0:42 of 1st period - Slapshot by Ivan Provorov.
0:42 of 1st period - Stopped by Connor Hellebuyck without a rebound.
0:43 of 1st period - Chandler Stephenson wins face-off versus Elias Lindholm in St.Louis Blues zone.
0:56 of 1st period - Slapshot by Alex Killorn.
0:56 of 1st period - Stopped by Connor Hellebuyck with a rebound.
0:58 of 1st period - Backhand shot by Jakob Chychrun.
0:58 of 1st period - Shot Blocked by Elias Lindholm.
1:04 of 1st period - Mikhail Sergachev is hit by Alex Killorn and loses puck.
1:12 of 1st period - Off-side.
1:13 of 1st period - Mark Scheifele wins face-off versus Brandon Hagel in neutral zone.
2:04 of 1st period - Wrist shot by Logan O'Connor.
2:04 of 1st period - Stopped by Linus Ullmark with a rebound.
2:20 of 1st period - Alex Tuch is hit by Joshua Morrissey and loses puck.
2:30 of 1st period - Snap shot by Chandler Stephenson.
2:30 of 1st period - Shot Misses the Net.
2:48 of 1st period - Wrist shot by Robert Thomas.
2:48 of 1st period - Stopped by Linus Ullmark with a rebound.
2:50 of 1st period - Slapshot by Alex Pietrangelo.
2:50 of 1st period - Stopped by Linus Ullmark without a rebound.
2:51 of 1st period - Jack Eichel wins face-off versus Nazem Kadri in Anaheim Ducks zone.
2:52 of 1st period - Slapshot by Jake Guentzel.
2:52 of 1st period - Shot Misses the Net.
2:58 of 1st period - Snap shot by John Tavares.
2:58 of 1st period - Shot Misses the Net.
3:35 of 1st period - Snap shot by William Nylander.
3:35 of 1st period - Shot Misses the Net.
3:37 of 1st period - Wrist shot by John Tavares.
3:37 of 1st period - Shot Blocked by Logan O'Connor.
3:39 of 1st period - Slapshot by Ivan Provorov.
3:39 of 1st period - Shot Blocked by Dakota Joshua.
3:41 of 1st period - Snap shot by Nazem Kadri.
3:41 of 1st period - Stopped by Connor Hellebuyck without a rebound.
3:42 of 1st period - Mark Scheifele wins face-off versus Robert Thomas in St.Louis Blues zone.
3:45 of 1st period - Slapshot by Mason Marchment.
3:45 of 1st period - Stopped by Connor Hellebuyck with a rebound.
3:47 of 1st period - Wrist shot by Mark Scheifele.
3:47 of 1st period - Shot Blocked by Alex Pietrangelo.
3:49 of 1st period - Slapshot by Jakob Chychrun.
3:49 of 1st period - Stopped by Connor Hellebuyck with a rebound.
3:51 of 1st period - Snap shot by Brayden Schenn.
3:51 of 1st period - Stopped by Connor Hellebuyck with a rebound.
3:53 of 1st period - Slapshot by Jakob Chychrun.
3:53 of 1st period - Deflect By Mason Marchment.
3:53 of 1st period - Shot Misses the Net.
3:53 of 1st period - Puck is out of play.
3:54 of 1st period - Jack Eichel wins face-off versus Mark Scheifele in St.Louis Blues zone.
4:11 of 1st period - Snap shot by Jake Guentzel.
4:11 of 1st period - Stopped by Linus Ullmark with a rebound.
4:51 of 1st period - J.T. Compher is hit by Elias Lindholm and loses puck.
5:10 of 1st period - Wrist shot by William Nylander.
5:10 of 1st period - Stopped by Connor Hellebuyck without a rebound.
5:11 of 1st period - Jack Eichel wins face-off versus Nazem Kadri in St.Louis Blues zone.
5:37 of 1st period - Morgan Rielly is hit by Brandon Hagel and loses puck.
5:48 of 1st period - Slapshot by Robert Thomas.
5:48 of 1st period - Stopped by Linus Ullmark without a rebound.
5:49 of 1st period - Nazem Kadri wins face-off versus Jack Eichel in Anaheim Ducks zone.
5:54 of 1st period - Wrist shot by Nazem Kadri.
5:54 of 1st period - Stopped by Connor Hellebuyck with a rebound.
6:16 of 1st period - Brayden Schenn is hit by Jaccob Slavin and loses puck.
7:15 of 1st period - Wrist shot by Dakota Joshua.
7:15 of 1st period - Stopped by Linus Ullmark with a rebound.
7:43 of 1st period - Minor Penalty to Colton Parayko for Roughing.
7:44 of 1st period - John Tavares wins face-off versus Lars Eller in St.Louis Blues zone.
7:51 of 1st period - Snap shot by William Nylander.
7:51 of 1st period - Shot Misses the Net.
8:14 of 1st period - Snap shot by Alex Tuch.
8:14 of 1st period - Shot Misses the Net.
8:22 of 1st period - Jakob Chychrun is hit by Lars Eller and loses puck.
8:59 of 1st period - Minor Penalty to Mark Scheifele for Interference.
9:00 of 1st period - Jack Eichel wins face-off versus William Nylander in Anaheim Ducks zone.
9:03 of 1st period - Slapshot by Jake Guentzel.
9:03 of 1st period - Stopped by Linus Ullmark without a rebound.
9:04 of 1st period - John Tavares wins face-off versus Jack Eichel in Anaheim Ducks zone.
9:43 of 1st period - Penalty to Colton Parayko is over, Colton Parayko is back on ice.
10:57 of 1st period - Alex Killorn is hit by Jake Guentzel.
10:59 of 1st period - Penalty to Mark Scheifele is over, Mark Scheifele is back on ice.
13:14 of 1st period - Snap shot by J.T. Compher.
13:14 of 1st period - Stopped by Connor Hellebuyck with a rebound.
14:02 of 1st period - Brandon Hagel is hit by Alex Killorn and loses puck.
14:07 of 1st period - Backhand shot by Alex Killorn.
14:07 of 1st period - Goal by Alex Killorn - St.Louis Blues : 0 - Anaheim Ducks : 1.
14:08 of 1st period - Nazem Kadri wins face-off versus Jack Eichel in neutral zone.
14:23 of 1st period - Snap shot by William Nylander.
14:23 of 1st period - Deflect By John Tavares.
14:23 of 1st period - Shot Misses the Net.
14:23 of 1st period - Puck is out of play.
14:24 of 1st period - Mark Scheifele wins face-off versus Robert Thomas in St.Louis Blues zone.
16:05 of 1st period - Snap shot by William Nylander.
16:05 of 1st period - Stopped by Connor Hellebuyck without a rebound.
16:06 of 1st period - Jack Eichel wins face-off versus Nazem Kadri in St.Louis Blues zone.
16:21 of 1st period - William Nylander is hit by Colton Parayko and loses puck.
16:34 of 1st period - Wrist shot by Mark Scheifele.
16:34 of 1st period - Shot Misses the Net.
16:58 of 1st period - Slapshot by Morgan Rielly.
16:58 of 1st period - Shot Misses the Net.
17:00 of 1st period - Slapshot by Ivan Provorov.
17:00 of 1st period - Deflect By Alexandre Texier.
17:00 of 1st period - Shot Blocked by Jaccob Slavin.
17:00 of 1st period - Puck is out of play.
17:01 of 1st period - Jack Eichel wins face-off versus Alexandre Texier in St.Louis Blues zone.
17:10 of 1st period - Icing by Luke Evangelista.
17:11 of 1st period - Jake Guentzel wins face-off versus Alexandre Texier in Anaheim Ducks zone.
17:22 of 1st period - Snap shot by Jake Guentzel.
17:22 of 1st period - Stopped by Linus Ullmark with a rebound.
17:24 of 1st period - Slapshot by Jaccob Slavin.
17:24 of 1st period - Shot Hit the Post.
17:30 of 1st period - Wrist shot by Elias Pettersson.
17:30 of 1st period - Shot Misses the Net.
17:32 of 1st period - Slapshot by Jake Guentzel.
17:32 of 1st period - Shot Misses the Net.
17:34 of 1st period - Wrist shot by Elias Pettersson.
17:34 of 1st period - Goal by Elias Pettersson - St.Louis Blues : 1 - Anaheim Ducks : 1.
17:35 of 1st period - Nazem Kadri wins face-off versus Jack Eichel in neutral zone.
17:45 of 1st period - Backhand shot by William Nylander.
17:45 of 1st period - Stopped by Connor Hellebuyck with a rebound.
17:47 of 1st period - Wrist shot by John Tavares.
17:47 of 1st period - Stopped by Connor Hellebuyck without a rebound.
17:48 of 1st period - Nazem Kadri wins face-off versus Elias Pettersson in St.Louis Blues zone.
17:51 of 1st period - Wrist shot by John Tavares.
17:51 of 1st period - Stopped by Connor Hellebuyck without a rebound.
17:52 of 1st period - Jack Eichel wins face-off versus John Tavares in St.Louis Blues zone.
18:01 of 1st period - Wrist shot by Nazem Kadri.
18:01 of 1st period - Shot Misses the Net.
18:03 of 1st period - Snap shot by William Nylander.
18:03 of 1st period - Shot Misses the Net.
18:05 of 1st period - Snap shot by Joshua Morrissey.
18:05 of 1st period - Stopped by Connor Hellebuyck with a rebound.
18:07 of 1st period - Snap shot by John Tavares.
18:07 of 1st period - Stopped by Connor Hellebuyck with a rebound.
18:09 of 1st period - Slapshot by Esa Lindell.
18:09 of 1st period - Shot Blocked by Jack Eichel.
18:21 of 1st period - Slapshot by Colton Parayko.
18:21 of 1st period - Stopped by Linus Ullmark with a rebound.
18:47 of 1st period - Wrist shot by Alex Killorn.
18:47 of 1st period - Shot Blocked by Jake Sanderson.
Goals for this period are 1 for St.Louis Blues vs 1 for Anaheim Ducks.
Shots for this period are 12 for St.Louis Blues vs 16 for Anaheim Ducks.
2nd period
0:01 of 2nd period - Nazem Kadri wins face-off versus Elias Pettersson in neutral zone.
0:03 of 2nd period - Minor Penalty to Brenden Dillon for High sticking.
0:04 of 2nd period - J.T. Compher wins face-off versus Robert Thomas in Anaheim Ducks zone.
0:35 of 2nd period - Slapshot by Jack Eichel.
0:35 of 2nd period - Stopped by Linus Ullmark without a rebound.
0:36 of 2nd period - Robert Thomas wins face-off versus Chandler Stephenson in Anaheim Ducks zone.
1:37 of 2nd period - Snap shot by Alexandre Texier.
1:37 of 2nd period - Shot Misses the Net.
2:03 of 2nd period - Penalty to Brenden Dillon is over, Brenden Dillon is back on ice.
2:12 of 2nd period - Icing by John Tavares.
2:13 of 2nd period - Nazem Kadri wins face-off versus Lars Eller in Anaheim Ducks zone.
2:37 of 2nd period - Nazem Kadri is hit by Lars Eller and loses puck.
2:42 of 2nd period - Slapshot by Jake Sanderson.
2:42 of 2nd period - Shot Misses the Net.
2:44 of 2nd period - Wrist shot by Lars Eller.
2:44 of 2nd period - Shot Hit the Post.
3:06 of 2nd period - Snap shot by Nazem Kadri.
3:06 of 2nd period - Stopped by Connor Hellebuyck without a rebound.
3:07 of 2nd period - Jack Eichel wins face-off versus Mark Scheifele in St.Louis Blues zone.
3:18 of 2nd period - Slapshot by Jack Eichel.
3:18 of 2nd period - Stopped by Linus Ullmark with a rebound.
3:51 of 2nd period - Minor Penalty to Alex Killorn for Cross-checking.
3:52 of 2nd period - Robert Thomas wins face-off versus J.T. Compher in Anaheim Ducks zone.
3:53 of 2nd period - Snap shot by Brayden Point.
3:53 of 2nd period - Shot Blocked by Ivan Provorov.
3:55 of 2nd period - Wrist shot by Robert Thomas.
3:55 of 2nd period - Shot Misses the Net.
4:25 of 2nd period - Mikhail Sergachev is hit by Brayden Schenn and loses puck.
5:34 of 2nd period - Elias Lindholm is hit by John Tavares and loses puck.
5:51 of 2nd period - Penalty to Alex Killorn is over, Alex Killorn is back on ice.
6:07 of 2nd period - Morgan Rielly is hit by Dakota Joshua and loses puck.
6:38 of 2nd period - Wrist shot by Luke Evangelista.
6:38 of 2nd period - Stopped by Connor Hellebuyck with a rebound.
7:09 of 2nd period - Snap shot by Morgan Rielly.
7:09 of 2nd period - Shot Misses the Net.
7:46 of 2nd period - Snap shot by Jakob Chychrun.
7:46 of 2nd period - Shot Blocked by Lars Eller.
8:12 of 2nd period - Backhand shot by Esa Lindell.
8:12 of 2nd period - Shot Misses the Net.
8:34 of 2nd period - Robert Thomas is hit by Brayden Schenn.
8:55 of 2nd period - Minor Penalty to Logan O'Connor for Slashing.
8:56 of 2nd period - John Tavares wins face-off versus Lars Eller in St.Louis Blues zone.
9:19 of 2nd period - Robert Thomas is hit by Alex Killorn and loses puck.
9:30 of 2nd period - Wrist shot by Mark Scheifele.
9:30 of 2nd period - Stopped by Connor Hellebuyck without a rebound.
9:31 of 2nd period - Elias Lindholm wins face-off versus John Tavares in St.Louis Blues zone.
10:55 of 2nd period - Penalty to Logan O'Connor is over, Logan O'Connor is back on ice.
11:44 of 2nd period - Snap shot by Lars Eller.
11:44 of 2nd period - Goal by Lars Eller - St.Louis Blues : 2 - Anaheim Ducks : 1.
11:45 of 2nd period - Jack Eichel wins face-off versus Nazem Kadri in neutral zone.
11:48 of 2nd period - Snap shot by Jack Eichel.
11:48 of 2nd period - Stopped by Linus Ullmark without a rebound.
11:49 of 2nd period - Jake Guentzel wins face-off versus Nazem Kadri in Anaheim Ducks zone.
11:52 of 2nd period - Wrist shot by Jake Guentzel.
11:52 of 2nd period - Stopped by Linus Ullmark without a rebound.
11:53 of 2nd period - Nazem Kadri wins face-off versus Jack Eichel in Anaheim Ducks zone.
12:30 of 2nd period - Slapshot by John Tavares.
12:30 of 2nd period - Shot Misses the Net.
12:32 of 2nd period - Wrist shot by John Tavares.
12:32 of 2nd period - Stopped by Connor Hellebuyck with a rebound.
12:34 of 2nd period - Slapshot by John Tavares.
12:34 of 2nd period - Shot Blocked by Jake Guentzel.
12:36 of 2nd period - Snap shot by William Nylander.
12:36 of 2nd period - Deflect By John Tavares.
12:36 of 2nd period - Stopped by Connor Hellebuyck with a rebound.
12:38 of 2nd period - Slapshot by John Tavares.
12:38 of 2nd period - Stopped by Connor Hellebuyck without a rebound.
12:39 of 2nd period - Mark Scheifele wins face-off versus Robert Thomas in St.Louis Blues zone.
13:28 of 2nd period - Wrist shot by Luke Evangelista.
13:28 of 2nd period - Stopped by Connor Hellebuyck with a rebound.
13:30 of 2nd period - Snap shot by Alexandre Texier.
13:30 of 2nd period - Shot Blocked by Jake Sanderson.
14:00 of 2nd period - Nazem Kadri is hit by Jake Guentzel and loses puck.
14:13 of 2nd period - Wrist shot by Brayden Schenn.
14:13 of 2nd period - Stopped by Connor Hellebuyck without a rebound.
14:14 of 2nd period - Mark Scheifele wins face-off versus Robert Thomas in St.Louis Blues zone.
14:17 of 2nd period - Wrist shot by Brayden Schenn.
14:17 of 2nd period - Shot Blocked by Robert Thomas.
14:21 of 2nd period - Snap shot by Mark Scheifele.
14:21 of 2nd period - Shot Hit the Post.
14:23 of 2nd period - Snap shot by Mark Scheifele.
14:23 of 2nd period - Stopped by Connor Hellebuyck with a rebound.
14:41 of 2nd period - Snap shot by Brayden Schenn.
14:41 of 2nd period - Shot Hit the Post.
14:48 of 2nd period - Snap shot by Mark Scheifele.
14:48 of 2nd period - Stopped by Connor Hellebuyck with a rebound.
14:58 of 2nd period - Wrist shot by Brayden Schenn.
14:58 of 2nd period - Stopped by Connor Hellebuyck without a rebound.
14:59 of 2nd period - Jack Eichel wins face-off versus Nazem Kadri in St.Louis Blues zone.
15:01 of 2nd period - Minor Penalty to Jake Guentzel for Hooking.
15:02 of 2nd period - John Tavares wins face-off versus Elias Lindholm in St.Louis Blues zone.
15:04 of 2nd period - Snap shot by William Nylander.
15:04 of 2nd period - Stopped by Connor Hellebuyck with a rebound.
15:06 of 2nd period - Wrist shot by Brayden Schenn.
15:06 of 2nd period - Stopped by Connor Hellebuyck with a rebound.
15:08 of 2nd period - Slapshot by Jakob Chychrun.
15:08 of 2nd period - Stopped by Connor Hellebuyck with a rebound.
15:10 of 2nd period - Wrist shot by John Tavares.
15:10 of 2nd period - Shot Misses the Net.
15:12 of 2nd period - Snap shot by William Nylander.
15:12 of 2nd period - Stopped by Connor Hellebuyck without a rebound.
15:13 of 2nd period - John Tavares wins face-off versus Elias Lindholm in St.Louis Blues zone.
17:01 of 2nd period - Penalty to Jake Guentzel is over, Jake Guentzel is back on ice.
17:24 of 2nd period - Alexey Toropchenko is hit by Brandon Hagel and loses puck.
17:35 of 2nd period - Luke Evangelista is hit by Robert Thomas and loses puck.
17:46 of 2nd period - Wrist shot by Robert Thomas.
17:46 of 2nd period - Deflect By Brayden Point.
17:46 of 2nd period - Shot Misses the Net.
17:46 of 2nd period - Puck is out of play.
17:47 of 2nd period - Jack Eichel wins face-off versus Alex Killorn in Anaheim Ducks zone.
17:50 of 2nd period - Snap shot by Elias Pettersson.
17:50 of 2nd period - Deflect By Jake Guentzel.
17:50 of 2nd period - Shot Misses the Net.
17:50 of 2nd period - Puck is out of play.
17:51 of 2nd period - Chandler Stephenson wins face-off versus Jack Eichel in Anaheim Ducks zone.
17:56 of 2nd period - Elias Pettersson is hit by Alex Killorn and loses puck.
18:02 of 2nd period - Off-side.
18:03 of 2nd period - Nazem Kadri wins face-off versus Jack Eichel in neutral zone.
18:10 of 2nd period - Nazem Kadri is hit by Elias Pettersson.
18:45 of 2nd period - Off-side.
18:46 of 2nd period - Chandler Stephenson wins face-off versus Elias Lindholm in neutral zone.
19:13 of 2nd period - Elias Pettersson is hit by John Tavares.
Goals for this period are 1 for St.Louis Blues vs 0 for Anaheim Ducks.
Shots for this period are 5 for St.Louis Blues vs 15 for Anaheim Ducks.
3rd period
0:01 of 3rd period - Nazem Kadri wins face-off versus Jack Eichel in neutral zone.
0:04 of 3rd period - Slapshot by William Nylander.
0:04 of 3rd period - Goal by William Nylander - St.Louis Blues : 2 - Anaheim Ducks : 2.
0:05 of 3rd period - Jack Eichel wins face-off versus Nazem Kadri in neutral zone.
0:08 of 3rd period - Snap shot by Jack Eichel.
0:08 of 3rd period - Stopped by Linus Ullmark without a rebound.
0:09 of 3rd period - Nazem Kadri wins face-off versus Jack Eichel in Anaheim Ducks zone.
0:46 of 3rd period - Brandon Hagel is hit by Mark Scheifele and loses puck.
1:04 of 3rd period - Elias Lindholm is hit by J.T. Compher and loses puck.
1:37 of 3rd period - Wrist shot by John Tavares.
1:37 of 3rd period - Stopped by Connor Hellebuyck without a rebound.
1:38 of 3rd period - Jack Eichel wins face-off versus Nazem Kadri in St.Louis Blues zone.
1:38 of 3rd period - Jack Eichel is hit by Nazem Kadri.
1:48 of 3rd period - Nazem Kadri is hit by Elias Pettersson.
2:00 of 3rd period - Minor Penalty to Jack Eichel for Interference.
2:01 of 3rd period - Elias Lindholm wins face-off versus William Nylander in St.Louis Blues zone.
2:16 of 3rd period - Snap shot by William Nylander.
2:16 of 3rd period - Shot Blocked by Jaccob Slavin.
3:44 of 3rd period - Slapshot by Mark Scheifele.
3:44 of 3rd period - Shot Misses the Net.
3:46 of 3rd period - Snap shot by Mark Scheifele.
3:46 of 3rd period - Stopped by Connor Hellebuyck without a rebound.
3:47 of 3rd period - Lars Eller wins face-off versus John Tavares in St.Louis Blues zone.
4:00 of 3rd period - Penalty to Jack Eichel is over, Jack Eichel is back on ice.
4:36 of 3rd period - William Nylander is hit by Elias Pettersson and loses puck.
4:49 of 3rd period - Snap shot by Jake Guentzel.
4:49 of 3rd period - Shot Misses the Net.
5:32 of 3rd period - Brayden Schenn is hit by Elias Lindholm and loses puck.
6:04 of 3rd period - Jake Sanderson is hit by Nazem Kadri and loses puck.
6:17 of 3rd period - Wrist shot by Lars Eller.
6:17 of 3rd period - Deflect By Brenden Dillon.
6:17 of 3rd period - Stopped by Linus Ullmark without a rebound.
6:18 of 3rd period - Chandler Stephenson wins face-off versus Jack Eichel in Anaheim Ducks zone.
6:51 of 3rd period - Slapshot by Mikhail Sergachev.
6:51 of 3rd period - Stopped by Linus Ullmark without a rebound.
6:52 of 3rd period - Robert Thomas wins face-off versus William Nylander in Anaheim Ducks zone.
7:09 of 3rd period - Brayden Point is hit by Nazem Kadri and loses puck.
8:27 of 3rd period - Slapshot by Lars Eller.
8:27 of 3rd period - Shot Blocked by Ivan Provorov.
8:43 of 3rd period - Wrist shot by Brayden Schenn.
8:43 of 3rd period - Stopped by Connor Hellebuyck with a rebound.
8:53 of 3rd period - Slapshot by Brayden Schenn.
8:53 of 3rd period - Goal by Brayden Schenn - St.Louis Blues : 2 - Anaheim Ducks : 3.
8:54 of 3rd period - Nazem Kadri wins face-off versus Jack Eichel in neutral zone.
9:26 of 3rd period - Snap shot by Brayden Schenn.
9:26 of 3rd period - Stopped by Connor Hellebuyck without a rebound.
9:27 of 3rd period - Mark Scheifele wins face-off versus Robert Thomas in St.Louis Blues zone.
10:00 of 3rd period - Snap shot by Jack Eichel.
10:00 of 3rd period - Shot Misses the Net.
10:45 of 3rd period - Slapshot by Morgan Rielly.
10:45 of 3rd period - Stopped by Connor Hellebuyck without a rebound.
10:46 of 3rd period - Lars Eller wins face-off versus Alexandre Texier in St.Louis Blues zone.
11:01 of 3rd period - Slapshot by Dakota Joshua.
11:01 of 3rd period - Stopped by Linus Ullmark without a rebound.
11:02 of 3rd period - Nazem Kadri wins face-off versus Jake Guentzel in Anaheim Ducks zone.
11:15 of 3rd period - Slapshot by Jack Eichel.
11:15 of 3rd period - Shot Misses the Net.
11:29 of 3rd period - Robert Thomas is hit by Brayden Schenn and loses puck.
12:31 of 3rd period - Wrist shot by Elias Pettersson.
12:31 of 3rd period - Shot Blocked by Morgan Rielly.
12:33 of 3rd period - Backhand shot by Jack Eichel.
12:33 of 3rd period - Stopped by Linus Ullmark without a rebound.
12:34 of 3rd period - Jack Eichel wins face-off versus Nazem Kadri in Anaheim Ducks zone.
12:51 of 3rd period - Snap shot by Jack Eichel.
12:51 of 3rd period - Stopped by Linus Ullmark with a rebound.
12:53 of 3rd period - Slapshot by Jaccob Slavin.
12:53 of 3rd period - Stopped by Linus Ullmark with a rebound.
12:55 of 3rd period - Wrist shot by Jake Guentzel.
12:55 of 3rd period - Shot Hit the Post.
13:15 of 3rd period - Wrist shot by Jake Guentzel.
13:15 of 3rd period - Shot Misses the Net.
13:17 of 3rd period - Slapshot by Jaccob Slavin.
13:17 of 3rd period - Stopped by Linus Ullmark with a rebound.
13:19 of 3rd period - Slapshot by Jaccob Slavin.
13:19 of 3rd period - Shot Blocked by William Nylander.
14:11 of 3rd period - Snap shot by Jake Guentzel.
14:11 of 3rd period - Shot Blocked by Nazem Kadri.
14:13 of 3rd period - Snap shot by Jack Eichel.
14:13 of 3rd period - Shot Misses the Net.
14:15 of 3rd period - Slapshot by Jake Sanderson.
14:15 of 3rd period - Stopped by Linus Ullmark with a rebound.
14:17 of 3rd period - Wrist shot by Elias Pettersson.
14:17 of 3rd period - Shot Misses the Net.
14:19 of 3rd period - Slapshot by Jake Sanderson.
14:19 of 3rd period - Stopped by Linus Ullmark without a rebound.
14:20 of 3rd period - Mark Scheifele wins face-off versus Brayden Point in Anaheim Ducks zone.
14:37 of 3rd period - Wrist shot by Robert Thomas.
14:37 of 3rd period - Shot Blocked by Morgan Rielly.
14:54 of 3rd period - Wrist shot by Mark Stone.
14:54 of 3rd period - Shot Hit the Post.
14:56 of 3rd period - Slapshot by Mark Stone.
14:56 of 3rd period - Shot Misses the Net.
17:25 of 3rd period - Esa Lindell is hit by Logan O'Connor and loses puck.
18:33 of 3rd period - Mark Scheifele is hit by Brandon Hagel and loses puck.
18:46 of 3rd period - Jakob Chychrun is hit by Jake Sanderson and loses puck.
18:50 of 3rd period - Icing by Brenden Dillon.
18:51 of 3rd period - Jack Eichel wins face-off versus Nazem Kadri in Anaheim Ducks zone.
19:02 of 3rd period - St.Louis Blues, Connor Hellebuyck is pulled from the net.
19:08 of 3rd period - Slapshot by Jake Guentzel.
19:08 of 3rd period - Deflect By Robert Thomas.
19:08 of 3rd period - Stopped by Linus Ullmark without a rebound.
19:09 of 3rd period - Mike Sullivan call a timeout for St.Louis Blues.
19:09 of 3rd period - J.T. Compher wins face-off versus Robert Thomas in Anaheim Ducks zone.
Goals for this period are 0 for St.Louis Blues vs 2 for Anaheim Ducks.
Shots for this period are 11 for St.Louis Blues vs 7 for Anaheim Ducks.
Back to the Top